 Dungeon Crawl Stone Soup version 0.23.2 (webtiles) character file.

Game seed: 950945424483367354

275372 Borgoz the Unseen (level 20, -7/148 HPs)
             Began as a Gargoyle Fighter on Apr 2, 2019.
             Was the Champion of Ashenzari.
             Splashed by an acid blob's acid (16 damage)
             ... on level 2 of the Pits of Slime on Apr 3, 2019.
             The game lasted 01:50:13 (35670 turns).

Borgoz the Unseen (Gargoyle Fighter)               Turns: 35670, Time: 01:50:13

Health: -7/148     AC: 16    Str: 23    XL:     20   Next: 34%
Magic:  0/27       EV: 28    Int:  9    God:    Ashenzari [******]
Gold:   1549       SH: 18    Dex: 24    Spells: 28/29 levels left

rFire    + + .     SeeInvis +   r - +6 rapier (venom) (curse)
rCold    . . .     Gourm    .   q - +3 shield {reflect} (curse)
rNeg     + . .     Faith    .   T - +3 troll leather armour (curse)
rPois    ∞         Spirit   +   (no helmet)
rElec    +         Reflect  +   t - scarf {Spirit} (curse)
rCorr    .         Harm     .   X - +2 pair of gloves {Dex+3}
MR       +....     Clarity  +   B - +2 pair of boots {Fly} (curse)
Stlth    +++++++...             A - amulet of magic regeneration
HPRegen  0.74/turn              b - +4 ring of dexterity
MPRegen  0.45/turn              j - ring of protection from fire

@: corroded, flying
A: big wings, rugged brown scales 1, agile 1, deformed body, fire resistance 1,
negative energy resistance 1, robust 1, shaggy fur 1, electricity resistance,
unbreathing, petrification resistance, rot immunity, AC +15
}: 2/15 runes: serpentine, barnacled
a: Stop Flying, Curse Item, Scrying, Transfer Knowledge, Renounce Religion


You were on level 2 of the Pits of Slime.
You worshipped Ashenzari.
Ashenzari was exalted by your worship.
You were not hungry.

You visited 7 branches of the dungeon, and saw 35 of its levels.
You also visited: Sewer, Bailey, Gauntlet and Volcano.

You collected 3036 gold pieces.
You spent 1487 gold pieces at shops.

Inventory:

Hand Weapons
 m - a +1 rapier of flaming
 r - a cursed +6 rapier of venom (weapon)
 G - a +3 dagger of venom
 Q - a +0 antimagic dagger
 R - a +1 rapier of electrocution
Missiles
 s - 10 throwing nets (quivered)
 v - 72 tomahawks
Armour
 o - a +2 chain mail of magic resistance
 q - a cursed +3 shield of reflection (worn)
 t - a cursed scarf of spirit shield (worn)
 u - a +4 ring mail of fire resistance
 x - a scarf of resistance
 y - a +0 leather armour of cold resistance
 B - a cursed +2 pair of boots of flying (worn)
 T - a cursed +3 troll leather armour (worn)
 X - a +2 pair of gloves of dexterity (worn)
Jewellery
 b - a +4 ring of dexterity (left hand)
 g - an uncursed ring of fire
 j - a ring of protection from fire (right hand)
 A - an amulet of magic regeneration (around neck)
 K - an uncursed ring of magical power
Wands
 h - a wand of iceblast (24)
 n - a wand of disintegration (19)
 I - a wand of flame (7)
 N - a wand of paralysis (17)
 O - a wand of digging (29)
Scrolls
 a - a scroll of silence
 d - 4 scrolls of blinking
 e - 4 scrolls of fog
 i - 6 scrolls of identify
 k - 9 scrolls of teleportation
 l - 15 scrolls of remove curse
 w - 4 scrolls of magic mapping
 z - 3 scrolls of holy word
 C - 3 scrolls of fear
 F - 2 scrolls of summoning
Potions
 c - 4 potions of cancellation
 p - 5 potions of agility
 D - a potion of invisibility
 E - 4 potions of resistance
 H - 8 potions of heal wounds
 J - a potion of ambrosia
 L - 11 potions of curing
 M - 3 potions of might
 P - a potion of berserk rage
Comestibles
 f - 56 rations


   Skills:
 + Level 15.8 Fighting
 + Level 14.3(18.4) Short Blades
 + Level 15.6 Armour
 + Level 13.3(15.9) Dodging
 + Level 16.6(19.1) Stealth
 - Level 12.3(15.0) Shields
 - Level 5.0 Spellcasting
 + Level 5.4 Hexes
 - Level 5.0 Evocations


You had 28 spell levels left.
You knew the following spells:

 Your Spells              Type           Power        Failure   Level  Hunger
a - Confusing Touch       Hex            ##....       3%          1    #......

Your spell library contained the following spells:

 Spells                   Type           Power        Failure   Level  Hunger
 Animate Skeleton         Necr           N/A          26%         1    #......
 Apportation              Tloc           #.....       26%         1    #......
 Freeze                   Ice            #...         26%         1    #......
 Pain                     Necr           #...         26%         1    #......
 Summon Small Mammal      Summ           #...         26%         1    #......
 Cause Fear               Hex            ##........   28%         4    #####..
 Throw Frost              Conj/Ice       #.....       38%         2    ##.....
 Ignite Poison            Fire/Tmut/Pois #.......     63%         3    ###....
 Ozocubu's Armour         Chrm/Ice       #.......     63%         3    ###....
 Vampiric Draining        Necr           #.........   63%         3    ###....
 Silence                  Hex/Air        #.........   94%         5    ######.
 Yara's Violent Unravell  Hex/Tmut       #.........   94%         5    ######.
 Summon Ice Beast         Ice/Summ       #.......     95%         4    #####..
 Summon Lightning Spire   Summ/Air       #.......     95%         4    #####..
 Throw Icicle             Conj/Ice       #.......     95%         4    #####..
 Dispel Undead            Necr           #.......     100%        5    ######.
 Fireball                 Conj/Fire      #.........   100%        5    ######.
 Bolt of Fire             Conj/Fire      #.........   100%        6    #######
 Conjure Ball Lightning   Conj/Air       #.........   100%        6    #######
 Death Channel            Necr           #.........   100%        6    #######
 Deflect Missiles         Chrm/Air       #.........   100%        6    #######
 Ring of Flames           Chrm/Fire      #.........   100%        7    #######
 Discord                  Hex            ##........   100%        8    #######
 Ignition                 Fire           #.........   100%        8    #######
 Tornado                  Air            #.........   100%        9    #######
 Sublimation of Blood     Necr           Unusable     N/A         2    N/A

Dungeon Overview and Level Annotations

Branches:
Dungeon (15/15)            Temple (1/1) D:4            Lair (6/6) D:9
 Shoals (4/4) Lair:2        Snake (4/4) Lair:3        Slime (3/5) Lair:6
    Orc (2/2) D:11            Elf (0/3) Orc:2        Vaults (0/5) D:14
 Depths: D:15

Altars:
Ashenzari
Cheibriados
Dithmenos
Elyvilon
Fedhas
Gozag
Hepliaklqana
Kikubaaqudgha
Makhleb
Nemelex Xobeh
Okawaru
Qazlal
Ru
Sif Muna
Trog
Uskayaw
Vehumet
Wu Jian
Xom
Yredelemnul
Zin
The Shining One
Beogh

Shops:
D:13 (   D:14 *   Orc:2 [*[(   Shoals:2 [   Snake:3 !


Innate Abilities, Weirdness & Mutations

You are resistant to torment.
Your stone body is resilient. (AC +15)
You are immune to poison.
Your large and strong wings let you fly indefinitely.
You resist negative energy. (rN+)
You are resistant to electric shocks. (rElec)
You can survive without breathing.
You are immune to petrification.
You are immune to rotting.
You are partially covered in rugged brown scales. (AC +1, +3% HP)
You are agile. (Dex +2)
Armour fits poorly on your strangely shaped body.
Your flesh is heat resistant. (rF+)
You are robust. (+10% HP)
You are covered in fur. (AC +1)


Message History

You block the slime creature's attack. The acid blob spits acid at you.
The splash of acid misses you.
Two slime creatures merge to form a large slime creature.
Two slime creatures merge to form a large slime creature.
Two slime creatures merge to form an enormous slime creature.
There is a stone staircase leading up here.
The acid blob spits acid at you. The splash of acid hits you.
* * * LOW HITPOINT WARNING * * *
You are splashed with acid!
* * * LOW HITPOINT WARNING * * *
Two slime creatures merge to form a titanic slime creature.
You fly upwards.
There is a stone staircase leading down here.
The acid blob spits acid at you. The splash of acid hits you!
* * * LOW HITPOINT WARNING * * *
You are splashed with acid!
You die...

###......... , ,**
##.^........., , , ,
#......^.... . *
###...#......,.# *** *
##..........#..#.##, * ,
#...........#...... , ,
#.......J......#..# *
#,##.......J>J........ *
##.#.........@........ **
#.................#.#..,
##.#..<..............#{**
*##..........<.....# *
#.....#..........#.G,
#......#.#.......# , *
#.......####.......# *
#....#...* #......#..
#...#.#...# ##.....# .


You could see an acid blob, a titanic slime creature and a large slime creature.

Vanquished Creatures
  Vashnia (Snake:2)
  Nikola (Snake:4)
  3 krakens
  An acid blob (Slime:3)
  Polyphemus (Shoals:2)
  Ilsuiw (Shoals:4)
  Kirke (Lair:4)
  Donald (Shoals:1)
  10 nagarajas
  3 azure jellies (Slime:1)
  2 orc warlords
  Louise (D:13)
  The ghost of Riymurr the Phalangite, a journeyman MfMo of Hepliaklqana (Lair:5)
  A blizzard demon (Gauntlet)
  A minotaur (Gauntlet)
  A death ooze (Slime:3)
  2 merfolk javelineers (Shoals:4)
  Snorg (D:12)
  9 merfolk impalers
  An ettin (D:14)
  A great orb of eyes (Slime:2)
  13 naga warriors
  Erolcha (Orc:2)
  A rakshasa (D:14)
  10 hydras
  23 anacondas
  5 centaur warriors
  2 catoblepae
  3 alligator snapping turtles
  7 merfolk avatars
  2 satyrs
  6 two-headed ogres
  4 merfolk aquamancers
  4 death yaks
  A tengu warrior (Gauntlet)
  3 orc high priests (Orc:2)
  15 shock serpents
  17 naga sharpshooters
  Urug (D:13)
  A deep elf knight (D:12)
  16 sea snakes
  2 hell knights (D:13)
  A fire crab (Volcano)
  6 salamander mystics (Snake:4)
  A deep troll (D:14)
  2 unseen horrors
  A shadow wraith (D:14)
  A wizard (D:14)
  5 lindwurms
  9 naga ritualists
  Pikel (D:9)
  5 cyclopes
  A harpy (shapeshifter) (D:13)
  11 harpies
  6 orc knights
  7 ugly things
  A deep elf mage (D:12)
  17 mana vipers
  2 shining eyes
  10 salamanders
  6 fauns
  28 slime creatures
  5 orc sorcerers
  6 guardian serpents (Snake:4)
  A centaur zombie (D:11)
  7 manticores
  50 black mambas
  17 merfolk sirens
  25 naga magi
  5 water nymphs
  6 elephants (Lair:6)
  Maurice (D:12)
  8 spiny frogs
  A gargoyle (D:14)
  3 rime drakes
  9 komodo dragons
  An efreet (D:14)
  A yaktaur (Shoals:1)
  3 kobold demonologists
  A yaktaur (shapeshifter) (D:14)
  2 tengu conjurers (Gauntlet)
  37 merfolk
  12 trolls
  5 wind drakes
  A queen bee (Lair:3)
  5 polar bears
  5 hornets (Lair:6)
  A meliai zombie (D:11)
  10 snapping turtles
  14 blink frogs
  8 dream sheep
  18 hippogriffs
  Sigmund (D:2)
  47 yaks
  A tarantella (shapeshifter) (D:15)
  13 water elementals
  4 shadows
  3 flying skulls (Gauntlet)
  15 spriggans (Lair:6)
  10 wyverns
  A wraith (D:13)
  A vampire (D:10)
  A human (D:7)
  2 steam dragons (D:8)
  2 fire bats (Volcano)
  8 golden eyes (Slime:1)
  8 basilisks
  11 hogs
  Grum (Lair:1)
  2 hungry ghosts
  4 wargs
  32 nagas
  An acid dragon (D:11)
  25 water moccasins
  2 hell hounds (Volcano)
  5 porcupines
  30 orc warriors
  2 ice beasts
  4 sky beasts
  4 slaves (D:9)
  5 black bears
  Duvessa (D:4)
  A phantom (D:5)
  2 eyes of draining
  17 ogres
  2 necrophages (D:9)
  21 centaurs
  45 wolves
  4 boggarts (Lair:6)
  9 crocodiles
  6 big kobolds
  15 bullfrogs
  Dowan (D:4)
  A wyvern skeleton (D:13)
  2 scorpions
  3 wights (D:11)
  25 killer bees (Lair:3)
  2 howler monkeys
  4 electric eels
  6 crimson imps
  5 lava snakes (Snake:3)
  A jelly (D:6)
  A quasit (D:13)
  35 orc priests
  2 bullfrog zombies
  5 hounds
  3 bullfrog skeletons
  26 orc wizards
  10 centaur skeletons
  Terence (D:2)
  8 iguanas
  9 worker ants
  A killer bee zombie (D:6)
  A hound zombie (D:5)
  A hound skeleton (D:7)
  2 worker ant zombies
  Robin (D:3)
  3 gnolls (Bailey)
  13 adders
  3 shadow imps
  A white imp (Gauntlet)
  5 oozes
  An adder zombie (D:6)
  8 worms
  A dart slug (D:5)
  4 leopard geckos
  122 orcs
  3 ball pythons
  18 bats
  5 giant cockroaches
  11 goblins
  16 hobgoblins
  15 jackals
  32 kobolds
  5 quokkas
  5 frilled lizards
  A leopard gecko zombie (D:6)
  2 quokka zombies (D:5)
  9 rats
  A plant (Shoals:4)
  4 tentacles
1382 creatures vanquished.

Vanquished Creatures (collateral kills)
  An orc high priest (Orc:2)
  An orc priest (Orc:2)
2 creatures vanquished.

Vanquished Creatures (others)
  A merfolk javelineer (Shoals:4)
  A satyr (Shoals:4)
  A naga sharpshooter (Snake:3)
  A faun (Shoals:2)
  A black mamba (Snake:2)
  An orc warrior (Orc:2)
  An orc wizard (D:15)
  3 orcs (Orc:2)
  A fungus (Snake:2)
  38 plants
  13 tentacles
62 creatures vanquished.

Grand Total: 1446 creatures vanquished

Notes
Turn   | Place    | Note
-------+----------+-------------------------------------------
     0 | D:1      | Borgoz the Gargoyle Fighter began the quest for the Orb.
     0 | D:1      | Reached XP level 1. HP: 14/14 MP: 1/1
   157 | D:1      | Reached XP level 2. HP: 14/19 MP: 2/2
   299 | D:1      | Reached skill level 1 in Stealth
   596 | D:1      | Reached XP level 3. HP: 23/23 MP: 3/3
   907 | D:2      | Reached skill level 1 in Dodging
   939 | D:2      | Noticed Sigmund
   956 | D:2      | Killed Sigmund
   956 | D:2      | Reached skill level 2 in Stealth
   956 | D:2      | Reached XP level 4. HP: 8/29 MP: 4/4
   956 | D:2      | Reached XP level 5. HP: 9/33 MP: 5/5
  1196 | D:2      | Noticed Terence
  1213 | D:2      | Killed Terence
  1213 | D:2      | Reached XP level 6. HP: 30/39 MP: 6/6
  1381 | D:2      | Reached skill level 3 in Stealth
  1678 | D:3      | Identified the +0 helmet "Baul" {rC- Str+4 Int+4}
  1678 | D:3      | Noticed Robin
  1711 | D:3      | Killed Robin
  1828 | D:3      | Found an iron altar of Okawaru.
  2080 | D:4      | Found a staircase to the Ecumenical Temple.
  2085 | D:4      | Noticed Duvessa
  2085 | D:4      | Noticed Dowan
  2103 | D:4      | Killed Duvessa
  2103 | D:4      | Reached XP level 7. HP: 39/44 MP: 5/7
  2128 | D:4      | Killed Dowan
  2132 | Temple   | Entered the Ecumenical Temple
  2141 | Temple   | Became a worshipper of Ashenzari the Shackled
  2394 | D:3      | Reached skill level 5 in Fighting
  2582 | D:3      | Reached skill level 5 in Armour
  2678 | D:4      | Reached skill level 4 in Stealth
  3241 | D:5      | Entered Level 5 of the Dungeon
  3340 | D:5      | Reached XP level 8. HP: 29/50 MP: 4/8
  3348 | D:5      | Found a glowing drain.
  3399 | D:5      | Gained mutation: You occasionally shout uncontrollably at
                  | your foes. [potion of mutation]
  3399 | D:5      | Gained mutation: You are robust. (+10% HP) [potion of
                  | mutation]
  3399 | D:5      | Gained mutation: Your flesh is heat resistant. (rF+)
                  | [potion of mutation]
  3423 | Sewer    | Entered a sewer
  4284 | D:5      | Reached skill level 5 in Stealth
  5179 | D:6      | Reached XP level 9. HP: 61/61 MP: 9/9
  5280 | D:6      | Found an ornate altar of the Wu Jian Council.
  5299 | D:6      | Reached * piety under Ashenzari
  5400 | D:7      | Reached skill level 6 in Stealth
  5475 | D:7      | Reached skill level 5 in Short Blades
  5493 | D:7      | Reached skill level 5 in Shields
  5890 | D:7      | Found a glowing golden altar of the Shining One.
  6117 | D:8      | Found a flagged portal.
  6181 | D:8      | Reached XP level 10. HP: 51/69 MP: 8/10
  6222 | Bailey   | Entered a bailey
  6314 | Bailey   | Reached skill level 7 in Stealth
  6755 | D:8      | Reached skill level 5 in Dodging
  7024 | D:8      | Noticed a kobold demonologist
  7034 | D:8      | Killed a kobold demonologist
  7410 | D:9      | Found a staircase to the Lair.
  7502 | D:9      | Reached ** piety under Ashenzari
  7528 | D:9      | Noticed Pikel
  7565 | D:9      | Killed Pikel
  7844 | D:9      | Found a bloodstained altar of Trog.
  7856 | D:9      | Reached skill level 1 in Evocations
  8529 | D:10     | Entered Level 10 of the Dungeon
  8566 | D:10     | Reached skill level 8 in Stealth
  8566 | D:10     | Reached XP level 11. HP: 55/74 MP: 8/12
  8673 | D:10     | Noticed a two-headed ogre
  8677 | D:10     | Killed a two-headed ogre
  9550 | D:11     | Noticed a four-headed hydra
  9576 | D:11     | Killed a four-headed hydra
  9729 | D:11     | Noticed a sun demon
  9967 | D:11     | Noticed a two-headed ogre
  9986 | D:11     | Killed a two-headed ogre
 10036 | D:11     | Found a staircase to the Orcish Mines.
 10198 | D:11     | Reached XP level 12. HP: 60/83 MP: 11/14
 10488 | D:12     | Reached *** piety under Ashenzari
 10527 | D:12     | Reached skill level 9 in Stealth
 10607 | D:12     | Noticed Maurice
 10629 | D:12     | Killed Maurice
 11077 | D:12     | Noticed Snorg
 11089 | D:12     | Killed Snorg
 11412 | D:13     | Noticed Urug
 11412 | D:13     | Noticed Louise
 11413 | D:13     | Noticed a deep elf knight
 11439 | D:12     | Killed a deep elf knight
 11614 | D:13     | Found Xoaz's Antique Weapon Shoppe.
 11686 | D:13     | Bought a runed short sword for 186 gold pieces
 11781 | D:13     | Killed Urug
 11961 | D:13     | Noticed a two-headed ogre
 11980 | D:13     | Killed a two-headed ogre
 12012 | D:13     | Reached XP level 13. HP: 38/90 MP: 11/16
 12184 | D:13     | Killed Louise
 12267 | D:13     | Reached skill level 10 in Fighting
 12272 | D:13     | Identified the Handbook of Black Rituals
 12378 | D:13     | Reached skill level 10 in Stealth
 12420 | D:13     | Reached **** piety under Ashenzari
 13061 | D:14     | Found Asaykuan's General Store.
 13343 | D:14     | Bought a scroll of remove curse for 42 gold pieces
 13370 | D:14     | Reached skill level 10 in Armour
 13441 | D:14     | Noticed a rakshasa
 13591 | Lair:1   | Entered Level 1 of the Lair of Beasts
 13830 | Lair:1   | Lost mutation: You occasionally shout uncontrollably at
                  | your foes. [potion of mutation]
 13830 | Lair:1   | Gained mutation: You are partially covered in rugged brown
                  | scales. (AC +1, +3% HP) [potion of mutation]
 13830 | Lair:1   | Gained mutation: You are covered in fur. (AC +1) [potion of
                  | mutation]
 13830 | Lair:1   | Gained mutation: You are agile. (Dex +2) [potion of
                  | mutation]
 14169 | Lair:1   | Noticed Grum
 14185 | Lair:1   | Killed Grum
 14191 | Lair:1   | Reached skill level 5 in Evocations
 14706 | Lair:2   | Found a dark tunnel.
 14714 | Volcano  | Entered a volcano
 14765 | Volcano  | Reached ***** piety under Ashenzari
 15047 | Lair:2   | Found a staircase to the Shoals.
 15073 | Lair:2   | Reached skill level 10 in Short Blades
 15238 | Lair:2   | Gained mutation: Your large and strong wings let you fly
                  | indefinitely. [Gargoyle growth]
 15238 | Lair:2   | Reached XP level 14. HP: 75/99 MP: 14/17
 15871 | Lair:3   | Found a staircase to the Snake Pit.
 16235 | Lair:3   | Reached skill level 11 in Stealth
 16290 | Lair:3   | Reached skill level 1 in Spellcasting
 16821 | Lair:4   | Noticed Kirke
 16870 | Lair:4   | Killed Kirke
 17189 | Lair:4   | Reached skill level 10 in Shields
 17702 | Lair:5   | Found a runed translucent gate.
 17702 | Lair:5   | Found a runed translucent gate.
 17722 | Lair:5   | Found a runed translucent gate.
 17724 | Lair:5   | Found a gate leading to a gauntlet.
 17724 | Lair:5   | Noticed Riymurr's ghost (journeyman MfMo)
 17911 | Gauntlet | Entered a Gauntlet
 17911 | Gauntlet | Found a transporter.
 17911 | Gauntlet | Found a transporter.
 17917 | Gauntlet | Found a runed translucent door.
 17930 | Gauntlet | Found a transporter.
 17932 | Gauntlet | Found a transporter.
 17941 | Gauntlet | Found a transporter.
 17944 | Gauntlet | Found a transporter.
 17952 | Gauntlet | Found a transporter.
 17972 | Gauntlet | Found a transporter.
 17990 | Gauntlet | Found a transporter.
 17994 | Gauntlet | Found a transporter.
 18002 | Gauntlet | Found a transporter.
 18006 | Gauntlet | Found a transporter.
 18295 | Gauntlet | Reached skill level 10 in Dodging
 18716 | Lair:5   | Reached XP level 15. HP: 107/107 MP: 19/19
 18986 | Lair:5   | Identified the +2 long sword of Blood-Lust {antimagic,
                  | *Slow rPois Dex+3}
 19158 | Lair:6   | Entered Level 6 of the Lair of Beasts
 19586 | Lair:6   | Reached skill level 12 in Stealth
 20054 | Lair:6   | Found a staircase to the Slime Pits.
 20199 | Lair:5   | Killed Riymurr's ghost
 20833 | D:14     | Found a gate to the Vaults.
 20883 | D:14     | Reached skill level 5 in Spellcasting
 21204 | D:15     | Entered Level 15 of the Dungeon
 21754 | Orc:1    | Entered Level 1 of the Orcish Mines
 21892 | Orc:1    | Found a roughly hewn altar of Beogh.
 21930 | Orc:2    | Entered Level 2 of the Orcish Mines
 21953 | Orc:2    | Noticed an orc warlord
 22007 | Orc:2    | Killed an orc warlord
 22007 | Orc:2    | Reached XP level 16. HP: 102/116 MP: 23/23
 22040 | Orc:2    | Found Qedau's Weapon Shop.
 22222 | Orc:2    | Found Reiraciosch's Armour Shoppe.
 22228 | Orc:2    | Found Weoliw's General Store.
 22230 | Orc:2    | Found Pyiroz's Armour Shop.
 22284 | Orc:2    | Bought a +2 shield of reflection for 259 gold pieces
 22373 | Orc:2    | Reached skill level 13 in Stealth
 22503 | Orc:2    | Found a roughly hewn altar of Beogh.
 22895 | Orc:2    | Found a staircase to the Elven Halls.
 22954 | Orc:2    | Found a roughly hewn altar of Beogh.
 22959 | Orc:2    | Noticed Erolcha
 22960 | Orc:2    | Reached ****** piety under Ashenzari
 22976 | Orc:2    | Killed Erolcha
 23661 | Shoals:1 | Entered Level 1 of the Shoals
 23948 | Shoals:1 | Noticed Donald
 23970 | Shoals:1 | Killed Donald
 24347 | Shoals:1 | Noticed a kraken
 24390 | Shoals:1 | Killed a kraken
 24525 | Shoals:1 | Noticed a kraken
 24532 | Shoals:1 | Killed a kraken
 25129 | Shoals:2 | Noticed Polyphemus
 25179 | Shoals:2 | Killed Polyphemus
 25575 | Shoals:2 | Reached XP level 17. HP: 114/123 MP: 21/24
 25631 | Shoals:2 | Found Jeychoz's Antique Armour Shoppe.
 25750 | Shoals:2 | Bought an encrusted scale mail for 360 gold pieces
 26538 | Shoals:3 | Reached skill level 14 in Stealth
 27386 | Shoals:4 | Entered Level 4 of the Shoals
 28220 | Shoals:4 | Noticed Ilsuiw
 28279 | Shoals:4 | Killed Ilsuiw
 28492 | Shoals:4 | Got a barnacled rune of Zot
 28524 | Shoals:4 | Noticed a kraken
 28551 | Shoals:4 | Killed a kraken
 28673 | Shoals:4 | Reached XP level 18. HP: 131/131 MP: 25/25
 29397 | Lair:1   | Identified the +2 scale mail of Ru's Righteous Anger {rF-
                  | rN++ SInv} (You bought it in a shop on level 2 of the
                  | Shoals)
 29469 | Snake:1  | Entered Level 1 of the Snake Pit
 30270 | Snake:2  | Reached skill level 15 in Stealth
 30725 | Snake:2  | Noticed Vashnia
 30749 | Snake:2  | Killed Vashnia
 31112 | Snake:2  | Identified the +7 bardiche of Utaak {freeze, Int+2}
 31240 | Snake:3  | Learned a level 1 spell: Confusing Touch
 31484 | Snake:3  | Found Hutymer's Distillery.
 31487 | Snake:3  | Reached skill level 1 in Hexes
 31506 | Snake:3  | Bought a potion of resistance for 200 gold pieces
 31506 | Snake:3  | Bought a potion of heal wounds for 100 gold pieces
 31506 | Snake:3  | Bought a potion of might for 80 gold pieces
 31506 | Snake:3  | Bought 2 potions of might for 160 gold pieces
 31506 | Snake:3  | Bought a potion of berserk rage for 100 gold pieces
 31588 | Snake:3  | Reached XP level 19. HP: 101/138 MP: 20/26
 31887 | Snake:3  | Reached skill level 15 in Fighting
 32301 | Snake:4  | Entered Level 4 of the Snake Pit
 32625 | Snake:4  | Noticed Nikola
 32651 | Snake:4  | Killed Nikola
 32651 | Snake:4  | Reached skill level 15 in Armour
 32700 | Snake:4  | Identified the +2 scale mail of Ru's Righteous Anger {rF-
                  | rN++ SInv} (You bought it in a shop on level 2 of the
                  | Shoals)
 33133 | Snake:4  | Reached skill level 16 in Stealth
 34367 | Snake:4  | Reached XP level 20. HP: 141/146 MP: 25/27
 34561 | Snake:4  | Got a serpentine rune of Zot
 34952 | Slime:1  | Entered Level 1 of the Pits of Slime
 34974 | Slime:1  | Reached skill level 5 in Hexes
 35621 | Slime:2  | Gained mutation: Armour fits poorly on your strangely
                  | shaped body. [a shining eye]
 35670 | Slime:2  | Splashed by an acid blob's acid

Skill      XL: |  1  2  3  4  5  6  7  8  9 10 11 12 13 14 15 16 17 18 19 20 |
---------------+-------------------------------------------------------------+-----
Short Blades   | 2 3 4 5 6 7 9 10 11 12 13 14 | 14.3
Stealth        | 1 2 3 4 5 6 8 9 10 11 12 13 14 15 16 | 16.6
Dodging        | 1 2 3 4 5 6 8 9 10 11 12 13 | 13.3
Fighting       | 4 5 6 7 8 9 10 11 12 13 14 15 | 15.8
Armour         | 4 5 6 7 8 9 10 11 12 13 14 15 | 15.6
Shields        | 5 6 7 8 9 10 11 12 | 12.3
Evocations     | 1 3 4 5 |  5.0
Spellcasting   | 3 5 |  5.0
Hexes          | 1 4 5 |  5.4

Action                   |  1- 3 |  4- 6 |  7- 9 | 10-12 | 13-15 | 16-18 | 19-21 || total
-------------------------+-------+-------+-------+-------+-------+-------+-------++-------
Melee: Rapier            |   110 |   148 |   537 |  1060 |  1899 |  2536 |  1334 ||  7624
Throw: Tomahawk          |       |       |       |     2 |       |       |       ||     2
       Throwing net      |       |       |       |     1 |     2 |       |       ||     3
Invok: Curse Item        |       |       |     1 |       |       |     4 |       ||     5
Evoke: Wand              |       |       |       |    12 |     6 |     3 |     4 ||    25
  Use: Potion            |       |     1 |     6 |     4 |     6 |       |       ||    17
       Scroll            |       |       |     5 |     8 |    12 |    12 |       ||    37
 Stab: Sleeping          |       |       |    12 |     7 |    39 |    50 |    12 ||   120
       Distracted        |       |       |     1 |       |    10 |     7 |     9 ||    27
       Paralysed         |       |       |       |     2 |       |       |     4 ||     6
       Held in net/web   |       |       |       |       |     3 |       |       ||     3
       Invisible         |       |       |       |       |     4 |       |       ||     4
  Eat: Chunk             |       |     4 |    14 |    24 |    26 |    23 |     8 ||    99
       Ration            |       |       |       |       |     2 |     3 |     2 ||     7
Armor: Scale mail        |    69 |    81 |     4 |       |       |       |       ||   154
       Leather armour    |       |       |   261 |    79 |       |       |       ||   340
       Troll leather arm |       |       |       |   219 |   520 |   405 |   266 ||  1410
Dodge: Dodged            |    71 |    82 |   322 |   543 |  1133 |  1182 |   885 ||  4218
Block: Buckler           |       |       |    49 |   329 |   748 |    29 |       ||  1155
       Shield            |       |       |       |       |       |  1600 |  1220 ||  2820
       Reflection        |       |       |       |       |       |    78 |    84 ||   162
